Map: Oxide LE

Players

INnoVation

  • Race: Terran Terran

Scarlett - Winner!

  • Race: Zerg Zerg

Event: DreamHack SC2 Masters 2021 Summer

VOD

Have the link to the VOD?

Description

Time

  • Played on: July 3, 2021, 11:16 a.m.
  • Length: 15:01

All games in this series

Show
View Real Time Build Order
Export as new Build Order

INnoVation Terran 

Build Orders: Reaper Expand, Hellion Banshee 

Get SALT Encoding   

  12  0:00  SCV  
  13  0:12  SCV  
  14  0:17  Supply Depot  
  14  0:24  SCV  
  15  0:38  SCV  
  15  0:39  Barracks  
  16  0:43  Refinery  
  16  0:50  SCV  
  17  1:02  SCV  
  18  1:15  SCV  
  19  1:26  Reaper  
  19  1:27  Orbital Command  
  20  1:39  Command Center  
  20  1:49  Supply Depot  
  20  1:53  SCV  
  21  1:58  Marine  
  22  2:05  SCV  
  23  2:11  Factory  
  23  2:17  SCV  
  23  2:20  Barracks Reactor  
  24  2:29  SCV  
  25  2:39  Command Center  
  25  2:41  SCV  
  26  2:51  Orbital Command  
  26  2:53  SCV  
  27  2:59  Starport  
  27  3:03  Refinery  
  27  3:05  SCV  
  27  3:09  Hellion  
  30  3:13  Hellion  
  30  3:16  Barracks Tech Lab  
  30  3:19  SCV x2  
  34  3:31  SCV  
  34  3:32  SCV  
  34  3:33  Hellion  
  38  3:34  Hellion  
  40  3:42  Viking  
  40  3:43  SCV  
  40  3:44  SCV  
  40  3:46  Barracks Tech Lab  
  44  3:51  Orbital Command  
  44  3:56  SCV x2  
  44  3:59  Hellion x2  
  50  4:08  SCV x2  
  52  4:11  Supply Depot  
  52  4:12  Banshee  
  52  4:15  Stimpack  
  55  4:18  Orbital Command  
  55  4:20  SCV  
  55  4:21  SCV  
  59  4:24  Hellion x2  
  61  4:36  SCV x2, Supply Depot  
  63  4:40  Marine  
  63  4:45  Engineering Bay  
  64  4:46  SCV  
  64  4:47  Engineering Bay  
  64  4:48  SCV x2  
  64  4:51  Barracks  
  64  4:52  Factory Reactor  
  67  4:56  Barracks  
  67  4:58  SCV  
  68  5:00  SCV x2  
  68  5:01  Marine, Supply Depot  
  68  5:04  Starport Reactor  
  68  5:06  Refinery  
  71  5:09  Refinery  
  71  5:10  SCV  
  71  5:12  SCV x2  
  74  5:15  Terran Infantry Armor Level 1, Terran Infantry Weapons Level 1  
  74  5:19  Marine  
  75  5:22  SCV  
  75  5:24  SCV, Supply Depot  
  75  5:25  SCV  
  78  5:36  SCV x2  
  78  5:37  SCV  
  78  5:40  Marine  
  78  5:41  Supply Depot  
  78  5:42  Barracks, Siege Tank  
  85  5:45  Barracks  
  85  5:50  Marine, Supply Depot  
  85  5:52  SCV x3  
  85  5:53  Supply Depot  
  85  5:54  Marine  
  85  5:55  Combat Shield  
  85  5:56  Marine  
  85  5:57  Marine  
  91  5:58  Marine  
  93  6:04  SCV x3  
  93  6:05  Medivac x2  
  93  6:08  Marine  
  101  6:12  Marine, Supply Depot  
  101  6:13  Supply Depot  
  101  6:14  Marine  
  101  6:16  SCV x3, Marine x2  
  108  6:18  Armory  
  108  6:26  Marine  
  108  6:28  SCV x3  
  108  6:29  Marine  
  108  6:31  Barracks Reactor  
  116  6:35  Barracks Reactor, Marine x3  
  116  6:38  Supply Depot  
  116  6:40  SCV x2, Supply Depot  
  116  6:41  SCV  
  116  6:42  Siege Tank  
  116  6:43  Marine  
  123  6:47  Marine  
  123  6:48  Refinery  
  123  6:50  Refinery  
  124  6:54  SCV x2  
  124  6:55  SCV  
  124  6:59  Marine x3, Command Center  
  130  7:01  Marine, Supply Depot  
  131  7:10  Terran Infantry Armor Level 2, Terran Infantry Weapons Level 2, Marine  
  131  7:11  Marine x4  
  134  7:18  Siege Tank  
  133  7:23  Marine x3  
  133  7:24  Marine  
  133  7:28  Marine x5, Missile Turret  
  142  7:31  Factory  
  142  7:33  Terran Vehicle Weapons Level 1  
  142  7:39  Missile Turret  
  142  7:41  Marine x4  
  146  7:46  Marine x3  
  147  7:51  Medivac x2  
  147  7:57  Siege Tank  
  151  8:05  Marine  
  151  8:06  Marine x4  
  151  8:08  Barracks x2  
  151  8:10  Barracks  
  151  8:11  Marine x4  
  160  8:16  Factory Tech Lab, SCV x2  
  160  8:17  SCV  
  163  8:21  Medivac x2  
  163  8:23  Marine x2  
  169  8:27  Sensor Tower  
  169  8:31  Marine  
  169  8:32  Marauder  
  172  8:36  Planetary Fortress  
  172  8:42  Sensor Tower  
  172  8:50  Refinery x2  
  172  8:51  Supply Depot  
  172  8:52  Supply Depot  
  172  8:54  Supply Depot  
  172  8:58  Barracks Tech Lab x3  
  172  9:13  Marine x6, Thor, Medivac x2  
  172  9:14  Marine  
  172  9:15  Marauder  
  187  9:21  Marauder x2, Marine  
  174  9:31  SCV x3, Command Center  
  153  9:35  Terran Vehicle Weapons Level 2  
  155  9:41  Drilling Claws  
  155  9:43  SCV x3  
  155  9:45  Barracks Reactor, Terran Infantry Weapons Level 3  
  153  9:48  Widow Mine x2  
  153  9:51  Supply Depot  
  153  9:52  Medivac  
  159  9:54  Medivac  
  159  9:55  SCV x3  
  164  10:04  Thor  
  170  10:10  SCV x3  
  172  10:17  Supply Depot  
  172  10:18  Supply Depot  
  172  10:20  Terran Infantry Armor Level 3  
  172  10:30  Widow Mine  
  172  10:34  SCV x2  
  172  10:35  SCV  
  177  10:36  Medivac x2  
  181  10:43  Missile Turret  
  181  10:46  Planetary Fortress  
  183  10:50  Marauder x4, Marine x6  
  183  10:53  Widow Mine  
  183  10:54  Widow Mine  
  199  11:01  Marine  
  199  11:09  Marine  
  200  11:22  Command Center  
  198  11:30  Widow Mine x2  
  198  11:32  Marine  
  198  11:34  Missile Turret  
  198  11:35  Missile Turret  
  198  11:36  Missile Turret  
  193  11:49  Thor  
  193  11:51  Widow Mine x2, Marauder x4, Marine x7  
  193  11:53  Medivac x2  
  181  12:05  Marine  
  182  12:09  Marine x5  
  182  12:12  Marauder x3  
  182  12:13  Marauder  
  182  12:14  Terran Vehicle Weapons Level 3  
  195  12:18  Widow Mine x2  
  198  12:37  Marauder  
  200  12:47  Marauder  
  198  12:58  Marauder  
  199  13:06  Missile Turret  
  199  13:07  Planetary Fortress  
  199  13:09  Command Center x2  
  199  13:18  Ghost Academy  
  177  13:28  Marauder  
  177  13:29  Marauder x2, Marine x4  
  177  13:31  Widow Mine x2  
  177  13:32  Widow Mine  
  177  13:33  Viking x2  
  177  13:34  Marine x5  
  166  13:47  Marine x4  
  158  13:49  Marine x2  
  158  13:50  Marine  
  158  13:52  Marine x3  
  158  13:53  Widow Mine x3  
  165  14:02  Marine x2  
  163  14:03  Medivac x2  
  163  14:05  Marine x4  
  163  14:07  Marine x3  
  147  14:10  SCV  
  147  14:11  SCV x3  
  147  14:15  Widow Mine x3  
  136  14:20  Ghost  
  136  14:23  Marine  
  136  14:24  Marine x7  
  121  14:25  Ghost x3  
Show
View Real Time Build Order
Export as new Build Order

Scarlett Zerg - Winner!

Build Orders: Hatch First, Brood Lord Corruptor, Muta Ling Bane 

Get SALT Encoding   

  12  0:00  Drone  
  13  0:12  Overlord  
  13  0:16  Drone  
  14  0:30  Drone x2  
  16  0:46  Hatchery  
  15  0:50  Drone  
  15  0:53  Drone  
  18  0:57  Drone  
  18  1:08  Extractor  
  17  1:12  Spawning Pool  
  17  1:15  Drone  
  17  1:18  Drone  
  18  1:27  Drone  
  19  1:39  Drone  
  20  1:50  Drone  
  21  1:58  Queen  
  21  1:59  Queen  
  21  2:00  Zergling x2  
  26  2:02  Zergling x2  
  27  2:11  Drone, Overlord  
  28  2:20  Hatchery  
  27  2:23  Drone  
  28  2:31  Drone x2  
  28  2:33  Metabolic Boost  
  30  2:41  Drone  
  30  2:43  Queen  
  33  2:47  Overlord  
  33  2:54  Drone x3  
  36  3:07  Drone x5  
  41  3:14  Queen  
  41  3:16  Overlord  
  43  3:21  Drone  
  44  3:31  Queen, Overlord  
  44  3:32  Queen  
  48  3:34  Drone  
  48  3:38  Zergling x4  
  48  3:39  Drone  
  52  3:43  Drone x2  
  54  3:51  Drone x5  
  59  3:57  Overlord  
  59  4:01  Queen  
  60  4:03  Drone, Overlord  
  60  4:09  Queen  
  63  4:10  Drone  
  63  4:12  Overlord  
  63  4:15  Drone  
  63  4:16  Drone  
  66  4:19  Zergling x4  
  66  4:20  Zergling x2  
  69  4:29  Overlord  
  69  4:30  Drone x3  
  72  4:34  Drone, Queen  
  75  4:42  Drone x2  
  75  4:43  Drone x4  
  81  4:48  Hatchery  
  81  4:52  Drone x3  
  83  4:53  Drone x3  
  83  4:57  Evolution Chamber x2  
  84  5:08  Extractor  
  84  5:09  Extractor, Spore Crawler  
  84  5:10  Spore Crawler  
  84  5:11  Zergling x8  
  84  5:13  Spore Crawler, Overlord x2  
  83  5:17  Drone x4  
  87  5:23  Lair  
  87  5:26  Zerg Ground Armor Level 1, Zerg Melee Weapons Level 1  
  87  5:28  Drone x2, Overlord  
  87  5:29  Extractor  
  87  5:34  Drone x3  
  91  5:39  Extractor  
  90  5:49  Zergling x14  
  97  5:55  Extractor  
  96  6:01  Drone x5  
  101  6:05  Hatchery  
  101  6:06  Drone x2, Baneling Nest  
  100  6:15  Drone x2  
  100  6:16  Drone  
  103  6:18  Drone x3  
  103  6:22  Hatchery  
  103  6:24  Zergling x20  
  115  6:34  Drone x4, Overlord  
  119  6:45  Spire  
  119  6:46  Overlord x3  
  118  6:49  Centrifical Hooks  
  118  6:55  Zergling x14  
  118  6:59  Drone x2  
  120  7:20  Drone x5  
  120  7:21  Drone x2  
  120  7:22  Zerg Ground Armor Level 2, Zerg Melee Weapons Level 2  
  123  7:23  Zergling x10  
  128  7:31  Pneumatized Carapace  
  128  7:32  Overseer  
  128  7:33  Zergling x24  
  128  7:35  Queen  
  142  7:40  Baneling x11  
  142  7:42  Zergling x2  
  142  7:43  Zergling x8  
  147  7:56  Drone x5  
  147  7:57  Drone x6  
  147  7:58  Overlord x4  
  153  8:00  Zerg Flyer Weapons Level 1  
  150  8:09  Mutalisk x2  
  150  8:10  Mutalisk x4  
  162  8:15  Infestation Pit  
  162  8:17  Mutalisk x3  
  167  8:22  Extractor, Drone x2  
  167  8:23  Drone  
  167  8:24  Extractor  
  167  8:26  Drone x2  
  170  8:27  Zergling x4  
  170  8:28  Zergling x10  
  170  8:33  Zergling x10  
  182  8:36  Baneling x11  
  182  8:42  Zergling x2  
  182  8:43  Zergling x12  
  182  8:46  Baneling x5  
  182  8:47  Baneling x2  
  189  8:56  Hive  
  189  8:57  Extractor x2, Spore Crawler  
  186  9:03  Drone x3  
  186  9:04  Hatchery, Drone x3  
  186  9:07  Mutalisk x2  
  184  9:18  Zergling x30  
  170  9:27  Zergling x20  
  156  9:33  Zergling x2  
  156  9:34  Zergling x10, Overseer  
  156  9:36  Baneling x10  
  156  9:37  Baneling x17  
  162  9:46  Mutalisk x2  
  162  9:48  Overlord x2  
  162  9:49  Zergling x6  
  162  9:50  Zergling x8  
  173  10:00  Baneling x16  
  173  10:05  Zergling x16  
  181  10:12  Hatchery  
  180  10:16  Greater Spire  
  180  10:17  Zerg Ground Armor Level 3  
  180  10:25  Adrenal Glands  
  180  10:33  Zerg Melee Weapons Level 3  
  180  10:37  Spine Crawler  
  180  10:38  Spine Crawler  
  180  10:39  Spine Crawler  
  180  10:40  Spine Crawler x2  
  180  10:41  Spine Crawler  
  174  10:43  Extractor  
  174  10:44  Extractor  
  174  10:48  Overseer  
  170  11:08  Zergling x42  
  178  11:17  Zergling x12  
  178  11:18  Zergling x20  
  194  11:21  Baneling x17  
  192  11:37  Corruptor x4  
  194  11:50  Zergling x10  
  194  11:51  Zergling x24  
  196  11:57  Corruptor x5  
  199  12:02  Zerg Flyer Weapons Level 2  
  199  12:14  Burrow  
  199  12:41  Spore Crawler  
  194  12:46  Brood Lord x3  
  191  12:58  Brood Lord  
  191  12:59  Brood Lord x3  
  198  13:21  Baneling x10  
  162  13:30  Zergling x70  
  162  13:31  Zergling x24  
  162  13:33  Zergling x16  
  191  13:47  Zergling x2, Overlord x2  
  190  13:50  Overlord  
  184  13:56  Baneling x15, Overlord x2  
  184  13:58  Corruptor x4  
  190  14:07  Zergling x28  
  198  14:10  Overseer  
  198  14:11  Overseer x2  
  198  14:14  Zergling x8  
  198  14:15  Zergling x12  
  198  14:16  Zergling x8  
  194  14:20  Zergling x2  
  190  14:40  Zergling x8  
Tags
 
Add a new tag
Caveats
  • Supply blocks, unpowered buildings, or Contaminate may cause inaccurate times.
  • Supply counts are checked every 10 seconds.